AoeStats
← dashuaibi

Hill Fort

506817223Analyzed
3v3 RM · 18d ago on Sep 15, 2026· 31m 12s· 6 players
Game mode
Random Map
Map size
Normal (6 player)
Population
200
Speed
Normal
Resources
Standard
Victory
Conquest
Starting age
Dark Age
Ending age
Imperial Age
RankedLock teamsTeams togetherTeam positionsShared explorationLock speedFull tech treeHidden civsTurbo modeCheats
Victory
Defeat
🇺🇸 Teutons · United States
1453
+10
🇬🇷 Mongols · Greece
1295
+16
🇳🇱 Byzantines · Netherlands
1292
+16
🇨🇳 Franks · China
1332
-15
🇺🇸 Ethiopians · United States
1313
-14
🇨🇭 Saracens · Switzerland
1289
-13
benno
7:10 Loom
10:07 Feudal Age
10:41 Double-Bit Axe
10:43 Horse Collar
14:58 Wheelbarrow
18:34 Castle Age
17:06 Gold Mining
18:11 Fletching
18:22 Padded Archer Armor
19:30 Bodkin Arrow
20:06 Bow Saw
19:58 Crossbowman
20:59 Heavy Plow
22:41 Leather Archer Armor
25:32 Ballistics
27:08 Stone Mining
27:39 Thumb Ring
28:21 Hand Cart
mojotzotzo
11:15 Feudal Age
15:28 Castle Age
13:29 Horse Collar
14:35 Double-Bit Axe
18:29 Loom
21:49 Bow Saw
22:32 Wheelbarrow
23:27 Gold Mining
24:07 Stone Mining
29:19 Imperial Age
26:41 Fletching
26:52 Padded Archer Armor
27:14 Ballistics
27:25 Bodkin Arrow
28:13 Heavy Plow
29:28 Masonry
29:45 Town Watch
29:45 Capped Ram
31:02 Siege Ram
Danilo Solari
6:33 Loom
9:08 Feudal Age
9:53 Double-Bit Axe
13:40 Fletching
20:54 Horse Collar
30:53 Castle Age
31:34 Bodkin Arrow
_EXTERMINATION_
12:21 Feudal Age
10:43 Loom
13:35 Feudal Age
14:21 Double-Bit Axe
15:30 Fletching
21:25 Wheelbarrow
25:51 Castle Age
24:46 Horse Collar
25:29 Padded Archer Armor
26:42 Bodkin Arrow
26:56 Crossbowman
30:40 Wheelbarrow
30:42 Thumb Ring
31:27 Leather Archer Armor
31:14 Heavy Plow
31:25 Bow Saw
dashuaibi
10:55 Feudal Age
11:52 Loom
15:23 Fletching
16:25 Double-Bit Axe
19:34 Castle Age
22:24 Bodkin Arrow
25:30 Imperial Age
24:13 Husbandry
the Puchu
8:31 Loom
10:41 Feudal Age
11:26 Double-Bit Axe
14:12 Wheelbarrow
18:38 Fletching
21:28 Castle Age
21:30 Padded Archer Armor
24:34 Crossbowman
26:59 Bodkin Arrow
Connection lost

Rejoining the realm…

Still unreachable

The connection could not be restored.

Session expired

The server has moved on; the page needs a fresh start.